cohdb
Replays
Latest Replays
All Replays
Popular Replays
Top Player Replays
Match Explorer
How It Works
Community
CoH3 Stats
Reddit
Sign in to upload your games and track your stats! →
Sign in with Steam
Match 24494390
Unlisted
Match 24494390
Overview
Messages
Build Orders
End
Panzergrenadier Squad
Panzerpioneer Squad
Kradschützen Motorcycle Team
250 Light Carrier
Construct Light Support Kompanie
MG34 Team
Selects Armored Support Battlegroup
Selects Salvage Kits
Construct Mechanized Kompanie
Assault Mechanized Group
Marder III Tank Destroyer
Marder III Tank Destroyer
Wrathment
Sof Ya Nos
0
0
Comments
sign in to comment!
No comments posted yet!